 Dungeon Crawl Stone Soup version 0.24-a0-115-gd155597 (console) character file.

Game seed: 7933722796066873185

295 Duffy the Chopper (level 6, -5/57 HPs)
             Began as a Naga Gladiator on Feb 17, 2019.
             Was a Follower of the Shining One.
             Slain by an iguana (11 damage)
             ... on level 4 of the Dungeon.
             The game lasted 00:02:44 (2392 turns).

Duffy the Chopper (Naga Gladiator)                  Turns: 2392, Time: 00:02:45

Health: -5/57      AC:  2    Str: 16    XL:     6   Next: 34%
Magic:  6/6        EV: 10    Int: 11    God:    the Shining One [*.....]
Gold:   53         SH:  0    Dex: 12    Spells: 5/5 levels left

rFire    . . .     SeeInvis +   a - +0 war axe
rCold    . . .     Gourm    .   (no shield)
rNeg     . . .     Faith    .   b - +0 leather armour
rPois    +         Spirit   .   c - +0 helmet
rElec    .         Reflect  .   e - scarf {repulsion}
rCorr    .         Harm     .   m - +0 pair of gloves
MR       .....                  (no barding)
Stlth    +.........             (no amulet)
HPRegen  0.19/turn              r - -3 ring of protection (curse)
MPRegen  0.10/turn              (no ring)

@: glowing, repel missiles, very slow
A: large, see invisible, deformed body, poison resistance, slowness 2, slow
metabolism 1, spit poison 1, AC +2
a: Spit Poison, Renounce Religion


You were on level 4 of the Dungeon.
You worshipped the Shining One.
The Shining One was aware of your devotion.
You were not hungry.

You visited 2 branches of the dungeon, and saw 6 of its levels.

You collected 53 gold pieces.

Inventory:

Hand Weapons
 a - a +0 war axe (weapon)
Missiles
 d - 3 throwing nets (quivered)
Armour
 b - a +0 leather armour (worn)
 c - a +0 helmet (worn)
 e - a scarf of repulsion (worn)
 m - a +0 pair of gloves (worn)
Jewellery
 r - a cursed -3 ring of protection (left hand)
Scrolls
 l - a scroll of teleportation
 p - 2 scrolls of blinking
Potions
 g - a potion of agility {unknown}
 h - 2 potions of curing {unknown}
 i - a potion of resistance {unknown}
 j - a potion of degeneration {unknown}
 q - 2 potions of mutation {unknown}
Comestibles
 f - 5 rations
 o - 3 chunks of flesh


   Skills:
 + Level 3.6 Fighting
 + Level 6.1 Axes
 - Level 1.7 Throwing
 - Level 2.4 Dodging


You had 5 spell levels left.
You didn't know any spells.
Your spell library was empty.

Dungeon Overview and Level Annotations

Branches:
Dungeon (5/15)             Temple (1/1) D:5

Altars:
Cheibriados
Dithmenos
Elyvilon
Gozag
Hepliaklqana
Kikubaaqudgha
Makhleb
Nemelex Xobeh
Okawaru
Ru
Sif Muna
Trog
Wu Jian
Zin
The Shining One

Shops:
D:5 (


Innate Abilities, Weirdness & Mutations

You cannot wear boots.
Your serpentine skin is tough. (AC +2)
You have supernaturally acute eyesight. (SInv)
Armour fits poorly on your strangely shaped body.
Your system is resistant to poisons. (rPois)
You cover ground very slowly.
You have a slow metabolism.
You can spit poison.


Message History

You slash the orc priest!
You kill the orc priest!
The Shining One accepts your kill.
You closely miss the orc. The orc hits you with a +0 mace!
You slash the worm!
The worm is severely wounded.
You hit the orc but do no damage. The orc closely misses you.
The worm bites you.
You hit the worm.
The worm is severely wounded.
You barely miss the orc. The orc hits you with a +0 mace.
You hit the worm but do no damage.
The worm is severely wounded.
You slash the orc!
You kill the orc!
The worm closely misses you.
You slash the iguana!
The iguana is almost dead.
You hit the worm but do no damage. The iguana bites you!
You die...

.. ..##.....
#.#..# ##.###...
.... _....
#..#.... .....
#...
......##....<
... ............
..#.
###.......#..
...#.
##............
.......
#....lw.......
.......
#..#.@##......
....... ##.####
....> ....%..
#..# ....
....... ##..###
... .......
##.....# ..
.......
####...#...... #
......
###..#...####...
.....#
#..........# ..
####
##......#..# .


You could see a worm and an iguana.

Vanquished Creatures
  2 scorpions (D:4)
  A centaur zombie (D:5)
  An orc priest (D:4)
  An orc wizard (D:4)
  2 adders
  An adder skeleton (D:4)
  3 worms (D:2)
  4 dart slugs
  3 leopard geckos
  2 orcs (D:4)
  10 giant cockroaches
  6 goblins
  3 hobgoblins (D:1)
  A quokka (D:3)
  7 bats
  13 frilled lizards
  3 kobolds
  16 rats
79 creatures vanquished.

Notes
Turn   | Place    | Note
-------+----------+-------------------------------------------
     0 | D:1      | Duffy the Naga Gladiator began the quest for the Orb.
     0 | D:1      | Reached XP level 1. HP: 19/19 MP: 1/1
   236 | D:1      | Reached XP level 2. HP: 24/26 MP: 2/2
   480 | D:4      | Reached skill level 4 in Axes
   482 | D:4      | Reached XP level 3. HP: 20/32 MP: 3/3
   588 | D:4      | Found a white marble altar of Elyvilon.
   617 | D:5      | Entered Level 5 of the Dungeon
   617 | D:5      | Found Quinan's Weapon Shop.
   636 | D:5      | Reached XP level 4. HP: 26/39 MP: 4/4
   641 | D:5      | Found a staircase to the Ecumenical Temple.
   650 | Temple   | Entered the Ecumenical Temple
   783 | Temple   | Became a worshipper of the Shining One
   925 | D:1      | Reached skill level 5 in Axes
  1633 | D:2      | Found an iron altar of Okawaru.
  1875 | D:2      | Reached XP level 5. HP: 46/46 MP: 5/5
  2288 | D:2      | You fall through a shaft for 2 floors!
  2295 | D:4      | Reached XP level 6. HP: 44/56 MP: 6/6
  2378 | D:4      | Reached * piety under the Shining One
  2386 | D:4      | Reached skill level 6 in Axes
  2392 | D:4      | Slain by an iguana

Levels and vault maps discovered:
D:1:      onia_arrival_larder, layout_rooms, minmay_pentomino_o4
D:2:      minmay_chambers_of_ones, layout_basic, okawaru_gym_becter
D:3:      layout_loops_cross, serial_glass, glass_columns_c, glass_columns_b,
          glass_columns_c, glass_columns_b, minmay_goblin_outpost
D:4:      minmay_angry_zag, layout_cave_pools, lemuel_crystal_altar,
          first_ration
D:5:      layout_cave_pools, lemuel_crystal_altar,
          minmay_temple_entry_glassed_door, serial_shops, nicolae_shop_stone
Temple:   cyrus_circular_temple

Skill      XL: |  1  2  3  4  5  6 |
---------------+-------------------+-----
Axes           | 4 5 6 |  6.1
Fighting       | 3 |  3.6
Throwing       | |  1.7
Dodging        | |  2.4

Action                   |  1- 3 |  4- 6 || total
-------------------------+-------+-------++-------
Melee: War axe           |    66 |   172 ||   238
 Abil: Spit Poison       |     1 |     1 ||     2
  Use: Scroll            |       |     3 ||     3
 Stab: Sleeping          |     3 |       ||     3
  Eat: Chunk             |       |     4 ||     4
Armor: Leather armour    |    29 |    80 ||   109
Dodge: Dodged            |    63 |   138 ||   201
       Deflected         |       |     2 ||     2

Table legend:
 A = Non-vault XP
 B = Vault XP
 C = Vault XP percentage of total XP
 D = Non-vault monster count
 E = Vault monster count
 F = Vault count percentage of total count
                 A         B        C        D         E       F
            +---------+---------+-------+---------+---------+-------
      Total |     398 |      24 |   5.7 |      66 |      13 |  16.5
            +---------+---------+-------+---------+---------+-------
        D:1 |      49 |      11 |  18.3 |      29 |       8 |  21.6
        D:2 |      49 |      13 |  21.0 |      20 |       5 |  20.0
        D:3 |       4 |       0 |   0.0 |       3 |       0 |   0.0
        D:4 |     252 |       0 |   0.0 |      13 |       0 |   0.0
        D:5 |      44 |       0 |   0.0 |       1 |       0 |   0.0
            +---------+---------+-------+---------+---------+-------
